rincewind, chaotic male elven Wizard -------- ------ |<|>.).---....| |^|-..........| |^||..``|.a...| |.||....|.....| |.|------a----| |.| |.@....| |.------......| |.............| |..-----.....`| ---- -------- rincewind the Thaumaturge Experience level: 6 Strength: 8 Dexterity: 12 Constitution: 15 Intelligence: 20 Wisdom: 12 Charisma: 12 Health: 0(44) Energy: 47(62) Def: 1 Gold: 118 Moves: 3908 Dungeon seed: cAHFEusKcFQ79LYX Game ID: rincewind_1464348150 Your Inventory: Coins $ - 118 gold pieces Weapons a - a blessed +1 quarterstaff (weapon in hands) p - 10 uncursed +0 darts (in quiver) s - 6 blessed +3 darts C - 12 blessed +1 darts Armor e - an uncursed +0 cloak of magic resistance (being worn) Comestibles u - 7 uncursed food rations Scrolls h - 2 uncursed scrolls of identify i - a blessed scroll of teleportation q - an uncursed scroll of charging t - an uncursed scroll of destroy armor I - a cursed scroll of teleportation N - 2 uncursed scrolls of earth Spellbooks j - a blessed spellbook of force bolt k - an uncursed spellbook of sleep E - an uncursed spellbook of cone of cold Potions f - 2 uncursed potions of paralysis g - an uncursed potion of healing o - 2 uncursed potions of water z - an uncursed potion of monster detection Rings c - an uncursed ring of warning d - an uncursed ring of stealth A - an uncursed ring of stealth L - a cursed ring of poison resistance Wands b - an uncursed wand of fire (0:7) w - an uncursed wand of cold (0:6) D - an uncursed wand of striking (0:8) M - an uncursed wand of create monster (0:15) Tools l - an uncursed magic marker (0:55) m - an uncursed tooled horn H - an uncursed sack Gems n - an uncursed worthless piece of yellowish brown glass r - an uncursed worthless piece of white glass Spells and supernatural/magical abilities: Name Level Category Fail Memory a - force bolt 1 attack 0% 81% z - sleep 1 enchantment 0% 81% W - pray for help -- divine ? -- Your skills at the end: Fighting Skills Weapon Skills quarterstaff [Basic] Spellcasting Skills attack spells [Basic] enchantment spells [Basic] Final Attributes: You were piously aligned. You were sleep resistant. You were magic-protected. You were telepathic. You had infravision. You are dead. Vanquished creatures: a leprechaun a dingo 2 fire ants an orc shaman a rock piercer a yellow light 2 gnome lords a guardian naga hatchling a gray ooze 2 floating eyes a kitten a kobold lord a rabid rat an orc zombie a wererat a werejackal 3 coyotes 2 hobbits a large kobold 2 hobgoblins 4 giant rats a garter snake a gnome zombie 5 geckos 4 jackals 2 foxes 4 kobolds 2 goblins 12 grid bugs a bat 4 lichens 2 kobold zombies 8 newts 77 creatures vanquished. Voluntary challenges: You used a wielded weapon 36 times, starting on turn 141. You read items or engraved 2 times, starting on turn 1483. You never genocided any monsters. You never polymorphed an object. You never changed form. You used no wishes. You never split a pudding. You wrote Elbereth's name 2 times, starting on turn 1483. You never violated your personal moral code. Dungeon overview: The Dungeons of Doom: levels 1 to 8 Level 1 a long staircase Level 2 a fountain Level 3 a fountain Level 4 a general store, some fountains stairs to The Gnomish Mines Level 5 Level 6 many fountains Level 7 a sink stairs to Sokoban Level 8 The Gnomish Mines: Level 5 stairs to The Dungeons of Doom Sokoban: Level 6 <- You were here stairs to The Dungeons of Doom History has recorded: On T:1 you entered the Dungeons of Doom to retrieve the Amulet of Yendor! On T:185 you reached level 2 of The Dungeons of Doom. On T:370 you advanced to experience level 2. On T:801 you reached level 3 of The Dungeons of Doom. On T:1025 you advanced to experience level 3. On T:1095 you reached level 4 of The Dungeons of Doom. On T:1266 you reached level 5 of The Dungeons of Doom. On T:1614 you reached level 1 of The Gnomish Mines. On T:1723 you advanced to experience level 4. On T:2330 you advanced to experience level 5. On T:2418 you reached level 6 of The Dungeons of Doom. On T:2573 you reached level 7 of The Dungeons of Doom. On T:3399 you reached level 8 of The Dungeons of Doom. On T:3461 you reached level 4 of Sokoban. On T:3569 you advanced to experience level 6. Score breakdown: Gold: 118 ( 7060 points) Experience: 6 levels (12456 points) Exploration: 8 levels ( 16.67%) (11577 points) Discoveries: 4 items ( 1.44%) ( 3598 points) Valuables value: (no points given unless you survive) Artifact value: 0 ( 0 points) Variety of kills: 33 monsters ( 8.66%) ( 8829 points) Turncount: 3908 turns ( -990 points) Survival: died (score multiplied by 80%) Total score: 34024 Latest messages: The spell misses the fire ant. The spell hits the fire ant! You kill the fire ant! The fire ant bites! (3x) You die... The sack is empty. Final status: Goodbye rincewind the Wizard, killed by a fire ant... You died in Sokoban on dungeon level 6 with 34024 points, and 118 pieces of gold, after 3908 moves. You were level 6 with a maximum of 44 hit points when you died.